AoeStats
← iAlejandrouae

Arena

508388151Analyzed
4v4 RM · 9d ago on Sep 22, 2026· 40m 29s· 8 players
Game mode
Random Map
Map size
Large (8 player)
Population
200
Speed
Normal
Resources
Standard
Victory
Conquest
Starting age
Dark Age
Ending age
Imperial Age
RankedLock teamsTeams togetherTeam positionsShared explorationLock speedFull tech treeHidden civsTurbo modeCheats
Victory
Defeat
🇧🇪 Spanish · Belgium
1864
+7
🇺🇦 Magyars · Ukraine
1770
+10
🇦🇷 Persians · Argentina
1574
+18
🇭🇰 Bohemians · Hong Kong SAR China
1545
+18
1667
-15
🇫🇮 Georgians · Finland
1653
-14
🇹🇼 Slavs · Taiwan
1624
-13
🇹🇼 Britons · Taiwan
1557
-11
trói em vào cột điện
9:57 Feudal Age
13:52 Castle Age
12:24 Double-Bit Axe
12:58 Horse Collar
16:57 Bow Saw
24:58 Wheelbarrow
25:29 Loom
29:14 Imperial Age
27:16 Man-at-Arms
27:53 Gambesons
28:09 Scale Mail Armor
28:42 Hand Cart
28:54 Forging
28:08 Long Swordsman
28:40 Arson
28:49 Gold Mining
29:21 Capped Ram
29:29 Two-Handed Swordsman
31:08 Town Watch
31:39 Chain Mail Armor
32:51 Plate Mail Armor
32:30 Siege Ram
34:43 Champion
36:03 Iron Casting
35:19 Fletching
37:54 Blast Furnace
Kaarlos
8:15 Loom
10:41 Feudal Age
14:35 Castle Age
Emily001
4:07 Loom
10:17 Feudal Age
14:16 Castle Age
12:20 Double-Bit Axe
12:36 Horse Collar
15:24 Bow Saw
18:03 Loom
19:01 Wheelbarrow
18:36 Town Watch
21:57 Heavy Plow
22:51 Gold Mining
24:10 Fortified Wall
24:37 Stone Mining
26:02 Fletching
29:05 Imperial Age
27:30 Hand Cart
28:22 Forging
28:12 Scale Mail Armor
28:20 Pikeman
29:01 Squires
29:08 Halberdier
30:41 Chain Mail Armor
31:02 Iron Casting
31:55 Plate Mail Armor
31:14 Capped Ram
32:10 Druzhina
33:45 Blast Furnace
34:42 Blast Furnace
33:57 Siege Ram
37:37 Bodkin Arrow
39:09 Bodkin Arrow
39:14 Padded Archer Armor
40:11 Ballistics
40:51 Chemistry
sci621
11:11 Feudal Age
15:27 Castle Age
13:33 Double-Bit Axe
13:31 Horse Collar
16:36 Bow Saw
16:27 Heavy Plow
19:29 Loom
25:24 Fletching
26:36 Bodkin Arrow
27:04 Padded Archer Armor
28:19 Leather Archer Armor
32:31 Imperial Age
31:46 Gold Mining
31:47 Stone Mining
32:49 Wheelbarrow
32:19 Town Watch
33:16 Gold Shaft Mining
33:30 Ballistics
33:20 Bracer
33:41 Conscription
33:57 Masonry
36:08 Two-Man Saw
35:56 Ring Archer Armor
36:32 Chemistry
37:46 Architecture
38:06 Elite Skirmisher
Ouch
10:58 Feudal Age
12:30 Wheelbarrow
12:02 Double-Bit Axe
15:04 Castle Age
12:54 Horse Collar
16:15 Bow Saw
29:48 Imperial Age
27:09 Gold Mining
27:41 Fletching
27:52 Heavy Plow
28:57 Gold Shaft Mining
28:19 Loom
28:53 Hand Cart
28:46 Bodkin Arrow
28:51 Padded Archer Armor
30:06 Gold Shaft Mining
30:24 Leather Archer Armor
30:30 Bracer
32:02 Two-Man Saw
31:59 Ring Archer Armor
31:51 Conscription
32:31 Corvinian Army
32:40 Scale Barding Armor
32:48 Husbandry
32:58 Bloodlines
33:14 Thumb Ring
33:35 Parthian Tactics
33:39 Ballistics
34:22 Chemistry
33:45 Crossbowman
34:26 Heavy Cavalry Archer
35:19 Recurve Bow
37:03 Chain Barding Armor
36:28 Light Cavalry
36:59 Treadmill Crane
37:24 Siege Engineers
38:39 Plate Barding Armor
39:10 Elite Magyar Huszar
iAlejandrouae
7:54 Feudal Age
6:28 Loom
8:40 Double-Bit Axe
9:25 Fletching
20:27 Castle Age
20:08 Double-Bit Axe
20:05 Horse Collar
20:51 Bodkin Arrow
21:34 Guard Tower
23:21 Wheelbarrow
28:03 Hand Cart
29:05 Ballistics
30:07 Murder Holes
30:50 Heavy Plow
31:35 Gold Mining
37:08 Imperial Age
35:07 Scale Barding Armor
35:12 Forging
35:41 Gold Shaft Mining
36:20 Bloodlines
36:10 Husbandry
37:26 Bow Saw
37:20 Stone Mining
38:25 Conscription
38:28 Chain Barding Armor
38:51 Stone Shaft Mining
38:41 Elite War Elephant
40:19 Plate Barding Armor
41:07 Iron Casting
dennis2_02
10:18 Feudal Age
14:37 Castle Age
13:27 Horse Collar
13:36 Double-Bit Axe
15:37 Bow Saw
24:11 Wheelbarrow
23:24 Loom
25:06 Heavy Plow
28:58 Imperial Age
26:53 Scale Mail Armor
29:34 Chemistry
28:53 Chain Mail Armor
28:48 Forging
30:14 Plate Mail Armor
29:07 Pikeman
29:48 Squires
30:48 Conscription
30:34 Wagenburg Tactics
31:53 Two-Man Saw
30:36 Halberdier
33:22 Iron Casting
32:48 Padded Archer Armor
33:39 Houfnice
36:24 Blast Furnace
35:40 Leather Archer Armor
37:39 Guilds
38:56 Hand Cart
Chaos
11:00 Feudal Age
14:28 Castle Age
12:55 Double-Bit Axe
19:23 Loom
31:01 Imperial Age
28:19 Loom
31:47 Imperial Age
30:14 Padded Archer Armor
32:16 Leather Archer Armor
33:54 Bloodlines
38:29 Ring Archer Armor
41:28 Wheelbarrow
Connection lost

Rejoining the realm…

Still unreachable

The connection could not be restored.

Session expired

The server has moved on; the page needs a fresh start.